 Dungeon Crawl Stone Soup version 0.31-a0-845-g9abc20d24f (webtiles) character file.

Game seed: 1493321278386414255

23 Ethylacetat the Changeling (level 2, 0/18 HPs)
             Began as an Octopode Shapeshifter on Oct 2, 2023.
             Slain by an adder (4 damage)
             ... on level 2 of the Dungeon.
             The game lasted 00:00:37 (526 turns).

Ethylacetat the Changeling (Octopode Shapeshifter)   Turns: 526, Time: 00:00:37

Health: 0/18       AC:  1    Str: 13    XL:     2   Next: 95%
Magic:  2/2        EV: 13    Int: 12    God:
Gold:   63         SH:  0    Dex: 11    Spells: 1/1 levels left

rFire   . .          .
                       - Unarmed
rCold   . . .        (no shield)
rNeg    . . .        (helmet currently unavailable)
rPois   .            (no amulet)
rElec   .            (no ring)
rCorr   .            (no ring)
SInv    .            (no ring)
Will    .....        (no ring)
Stlth   ++           (no ring)
HPRegen 0.23/turn    (no ring)
MPRegen 0.08/turn    (no ring)
                     (no ring)

%: no passive effects
@: beast-form
A: beast (slay +1), almost no armour, amphibious, 8 rings, camouflage 1,
gelatinous body 1, (nimble swimmer 1), tentacles
a: Begin Untransformation


You were on level 2 of the Dungeon.
You were a hulking beast.
You visited 1 branch of the dungeon, and saw 2 of its levels.

You collected 63 gold pieces.

Inventory:

Jewellery
 e - a ring of flight
Talismans
 b - a beast talisman (active)
 c - a flux talisman
Scrolls
 d - a scroll of enchant armour {unknown}
 h - 2 scrolls of identify {unknown}
 i - a scroll of fog {unknown}
 j - a scroll of torment {unknown}
Potions
 a - 2 potions of lignification
 f - a potion of magic {unknown}
 g - a potion of curing {unknown}
 k - a potion of heal wounds {unknown}


   Skills:
 + Level 1.4 Fighting
 + Level 2.3 Dodging
 + Level 3.2 Unarmed Combat
 * Level 3.3 Shapeshifting


You had one spell level left.
You didn't know any spells.
Your spell library was empty.

Dungeon Overview and Level Annotations

Branches:
Dungeon (2/15)

Altars:


Innate Abilities, Weirdness & Mutations

You are a hulking beast.
Your limbs bulge with bestial killing power. (Slay +1)
You cannot wear most types of armour.
You are amphibious.
You can wear up to eight rings at the same time.
Your skin changes colour to match your surroundings (Stealth+).
Your rubbery body absorbs attacks. (AC +1, EV +1)
((You are camouflaged when in or above water. (Stealth+)))
You have tentacles for arms and can constrict up to eight enemies at once.


Message History

A kobold comes into view. It is wielding a +0 dagger.
There are monsters nearby!
There are monsters nearby!
A hobgoblin comes into view.
Found 19 gold pieces.
There are monsters nearby!
An endoplasm and a goblin come into view.
Found a chain mail and a book of Sloth.
A kobold comes into view. It is wielding a +0 dagger.
The hobgoblin shouts!
The kobold shouts! x2
The endoplasm quivers.
The goblin shouts!
An adder comes into view.
The hobgoblin misses you.
There are monsters nearby!
You tentacle-slap the hobgoblin. Your grab misses the hobgoblin.
The hobgoblin is almost dead.
A kobold comes into view. It is wielding a +0 short sword.
The hobgoblin closely misses you.
There are monsters nearby!
You barely miss the hobgoblin. You grab the hobgoblin.
The hobgoblin is almost dead.
You constrict the hobgoblin.
You kill the hobgoblin!
The kobold hits you with a +0 dagger.
You barely miss the kobold. Your grab misses the kobold. The quokka bites you.
The kobold misses you.
You tentacle-slap the kobold.
You kill the kobold!
The quokka bites you. The adder closely misses you.
The quokka barely misses you. The adder attacks as it pursues you!
The adder bites you. The quokka barely misses you.
The adder attacks as it pursues you! The adder bites you.
* * * LOW HITPOINT WARNING * * *
You see here a +0 chain mail.
You are too injured to fight recklessly!
You are too injured to fight recklessly!
You miss the adder. You grab the adder. You constrict the adder.
The adder bites you.
You die...

.....###...#......##.
#.........)......#..
#.............####..
#...................
#.................#+
#..#.......)......# #
#.....####........#
......###.............#
....# #h#.#.....#####.#
......#S#.......# #>..
#...$r....#...# #.#.
.....##K##......# .#.
.### #.gJ#.###...
...K.... #. #.#...#.##
...##.##.. .#. ... ..#


You could see an adder, an endoplasm, a quokka, a goblin and 2 kobolds.

Vanquished Creatures
  A dart slug (D:1)
  3 bats
  A giant cockroach (D:1)
  2 goblins (D:2)
  3 hobgoblins
  3 ball pythons (D:1)
  3 kobolds
  3 rats (D:1)
19 creatures vanquished.

Notes
Turn   | Place    | Note
-------+----------+-------------------------------------------
     0 | D:1      | Ethylacetat the Octopode Shapeshifter began the quest for
                  | the Orb.
     0 | D:1      | Reached XP level 1. HP: 13/13 MP: 1/1
    63 | D:1      | Reached XP level 2. HP: 18/18 MP: 2/2
   526 | D:2      | Slain by an adder

Illustrated notes

Levels and vault maps discovered:
D:1:      minmay_arrival_plants_in_alcoves, layout_basic,
          dreamdust_princess_corridor
D:2:      minmay_chambers_of_twos, layout_basic, basic_altar,
          minmay_fractal_squares_5, uniq_terence

Action                     || total
---------------------------++-------
  Melee: Unarmed           ||    32
         Constrict         ||     9
         Tentacles         ||     2
   Stab: Sleeping          ||     5
 Armour: Skin              ||    14
  Dodge: Dodged            ||    21

Table legend: (Time is in decaauts)
 A = Elapsed time spent in this place.
 B = Non-inter-level travel time spent in this place.
 C = Inter-level travel time spent in this place.
 D = Time resting spent in this place.
 E = Time spent auto-exploring this place.
 F = Levels seen in this place.
 G = Mean time per level.
                   A        B        C        D        E       F      G
               +--------+--------+--------+--------+--------+-----+--------+
         Total |    524 |    510 |     14 |      0 |    378 |   2 |  262.0 |
       Dungeon |    524 |    510 |     14 |      0 |    378 |   2 |  262.0 |
               +--------+--------+--------+--------+--------+-----+--------+

Top non-repeatable levels by time:
     D:1: 440 daAuts
     D:2: 84 daAuts
